 Dungeon Crawl Stone Soup version 0.21.1-1-g345015f (webtiles) character file.

224 Matador8 the Poker (level 6, -1/44 HPs)
             Began as a Merfolk Skald on Apr 18, 2018.
             Was a Follower of Uskayaw.
             Killed by divine providence
             ... invoked by an orc priest
              (12 damage)
             ... on level 4 of the Dungeon.
             The game lasted 00:17:58 (4374 turns).

Matador8 the Poker (Merfolk Skald)                  Turns: 4374, Time: 00:17:59

Health: -1/44      AC:  3    Str: 12    XL:     6   Next: 0%
Magic:  0/9        EV: 12    Int: 14    God:    Uskayaw [*.....]
Gold:   131        SH:  0    Dex: 13    Spells: 3/9 levels left

rFire    . . .     SeeInvis .   a - +0 spear
rCold    . . .     Gourm    .   (no shield)
rNeg     . . .     Faith    .   b - +0 leather armour
rPois    .         Spirit   .   (no helmet)
rElec    .         Reflect  .   (no cloak)
rCorr    .         Harm     .   (no gloves)
MR       .....                  (no boots)
Stlth    +.........             (no amulet)
HPRegen  0.14/turn              (no ring)
MPRegen  0.11/turn              (no ring)

@: infused, very slightly contaminated, slowed, very slow
A: change form in water, swift swim, stealthy swim
a: Stomp, Renounce Religion


You were on level 4 of the Dungeon.
You worshipped Uskayaw.
Uskayaw was noncommittal.
You were not hungry.

You visited 1 branch of the dungeon, and saw 4 of its levels.

You collected 131 gold pieces.

Inventory:

Hand Weapons
 a - a +0 spear (weapon)
Armour
 b - a +0 leather armour (worn)
 f - a cursed +0 plate armour
Scrolls
 e - 3 scrolls of remove curse {unknown}
 h - 2 scrolls of magic mapping {unknown}
 i - a scroll of noise {unknown}
 l - 3 scrolls of amnesia {unknown}
 o - 3 scrolls of enchant weapon {unknown}
 q - a scroll of fear {unknown}
 t - 2 scrolls of identify {unknown}
 u - 2 scrolls of teleportation {unknown}
 v - a scroll of random uselessness {unknown}
Potions
 j - a potion of berserk rage {unknown}
 k - a potion of curing {unknown}
 m - 2 potions of invisibility {unknown}
 n - a potion of mutation {unknown}
 r - a potion of agility
 s - a potion of might {unknown}
 w - a potion of cancellation {unknown}
Books
 c - a book of Battle

   Spells                             Type                      Level
   a - Infusion                       Charms                       1
   b - Shroud of Golubria             Charms/Translocation         2
   c - Song of Slaying                Charms                       2
   d - Spectral Weapon                Hexes/Charms                 3
   e - Regeneration                   Charms/Necromancy            3
Comestibles
 d - 7 rations
 p - a chunk of flesh


   Skills:
 - Level 2.1 Fighting
 + Level 5.9 Polearms
 - Level 0.6 Armour
 - Level 2.6 Dodging
 - Level 2.0 Spellcasting
 - Level 2.1 Hexes
 + Level 4.5 Charms
 + Level 2.2 Invocations


You had 3 spell levels left.
You knew the following spells:

 Your Spells              Type           Power        Failure   Level  Hunger
a - Infusion              Chrm           ##..         4%          1    ##.....
b - Shroud of Golubria    Chrm/Tloc      #.........   19%         2    ###....
c - Spectral Weapon       Hex/Chrm       ##......     22%         3    ####...


Dungeon Overview and Level Annotations

Branches:
Dungeon (4/15)
 Temple: D:4-7

Altars:
Elyvilon
Uskayaw

Shops:
D:4 *


Message History

You begin infusing your attacks with magical energy.
The orc wizard casts a spell at you. You resist with some effort.
The orc hits you with a mace.
* * * LOW HITPOINT WARNING * * *
An orc priest comes into view. It is wielding a hand axe.
The orc priest shouts!
You hit the orc!
You kill the orc!
You have reached level 6!
Your experience leads to an increase in your attributes!
Increase (S)trength, (I)ntelligence, or (D)exterity?
You feel clever.
Attack whom?
Press: ? - help, Dir - move target cursor, f/p - orc wizard
Aim: an orc wizard, wielding a dagger and wearing a robe (severely wounded)
You reach to attack!
You hit the orc wizard.
The orc wizard is almost dead.
The orc priest mumbles some strange prayers to Beogh against you.
Beogh smites you!
You die...

........................
#.######..######.##.####
#.# ##.## #o# # #.# #..#
#.# #.##### ##.## #o#
......# #..# #.# .∩....#
##.# #.# ^.....# #.# #.#
......#####.# #@#
..........#.## #)#
#.........#..# #o#
..........##.# #.#
..........##.# #.#
..........##.###.#
..........##..##.#
#.........###.##.#
#.###########.##.#


You could see an orc priest and 2 orc wizards.

Vanquished Creatures
  An orc priest (D:4)
  Jessica (D:2)
  2 worker ants (D:4)
  4 adders
  An adder skeleton (D:4)
  2 worms
  3 leopard geckos
  6 orcs
  A ball python (D:1)
  2 giant cockroaches
  7 goblins
  8 hobgoblins
  10 jackals
  6 bats
  2 frilled lizards (D:2)
  3 kobolds
  11 rats
70 creatures vanquished.

Vanquished Creatures (others)
  A spectral weapon (D:4)
1 creature vanquished.

Grand Total: 71 creatures vanquished

Notes
Turn   | Place    | Note
-------+----------+-------------------------------------------
     0 | D:1      | Matador8 the Merfolk Skald began the quest for the Orb.
     0 | D:1      | Reached XP level 1. HP: 16/16 MP: 3/3
   112 | D:1      | Reached XP level 2. HP: 18/22 MP: 5/5
   701 | D:1      | Reached XP level 3. HP: 24/27 MP: 6/6
   782 | D:1      | Reached skill level 4 in Polearms
  1017 | D:1      | Learned a level 2 spell: Shroud of Golubria
  1021 | D:1      | Learned a level 3 spell: Spectral Weapon
  1078 | D:2      | Found a white marble altar of Elyvilon.
  1098 | D:2      | Noticed Jessica
  1531 | D:3      | Reached skill level 1 in Hexes
  1753 | D:3      | Reached XP level 4. HP: 33/33 MP: 7/7
  2841 | D:3      | Found a hide-covered altar of Uskayaw.
  2845 | D:3      | Became a worshipper of Uskayaw the Reveler
  2979 | D:2      | Reached * piety under Uskayaw
  3109 | D:2      | Reached skill level 5 in Polearms
  3160 | D:2      | Killed Jessica
  3160 | D:2      | Reached skill level 1 in Invocations
  3423 | D:4      | Reached ** piety under Uskayaw
  3430 | D:4      | Reached *** piety under Uskayaw
  3432 | D:4      | Reached XP level 5. HP: 33/38 MP: 1/8
  3483 | D:4      | Found Cifecotim's Assorted Antiques.
  4373 | D:4      | Reached XP level 6. HP: 11/44 MP: 1/9
  4374 | D:4      | Killed from afar by an orc priest

Skill      XL: |  1  2  3  4  5 |
---------------+----------------+-----
Charms         | 4 |  4.5
Polearms       | 4 5 |  5.9
Hexes          | 1 2 |  2.1
Invocations    | 1 2 |  2.2
Fighting       | |  2.1
Armour         | |  0.6
Dodging        | |  2.6
Spellcasting   | |  2.0

Action                   |  1- 3 |  4- 6 || total
-------------------------+-------+-------++-------
Melee: Spear             |   152 |   140 ||   292
 Cast: Infusion          |     3 |     6 ||     9
       Spectral Weapon   |       |     2 ||     2
       Shroud of Golubri |       |     1 ||     1
  Use: Potion            |       |     2 ||     2
 Stab: Sleeping          |     1 |       ||     1
       Paralysed         |       |     2 ||     2
  Eat: Chunk             |     3 |     5 ||     8
       Ration            |       |     1 ||     1
Armor: Leather armour    |    27 |     7 ||    34
Dodge: Dodged            |    73 |    56 ||   129
